 Dungeon Crawl Stone Soup version 0.17-a0-1648-g0a089d4 (webtiles) character file.

4785 nubinia the Destroyer (level 10, -6/53 (54) HPs)
             Began as a Tengu Fire Elementalist on Aug 12, 2015.
             Was an Elder of Sif Muna.
             Mangled by a harpy (shapeshifter) (9 damage)
             ... on level 10 of the Dungeon.
             The game lasted 01:06:03 (13478 turns).

nubinia the Destroyer (Tengu Fire Elementalist)    Turns: 13478, Time: 01:06:04

HP:   -6/53 (54)    AC:  5    Str:  8    XL:     10   Next: 47%
MP:   6/20          EV: 14    Int: 20    God:    Sif Muna [****..]
Gold: 514           SH:  3    Dex: 14    Spells: 5 memorised, 9 levels left

rFire  . . .     SeeInvis .     G - +2 dagger (drain)
rCold  . . .     Clarity  .     A - +1 robe
rNeg   . . .     SustAt   .     N - +0 buckler
rPois  .         Gourm    .     (helmet restricted)
rElec  .         Spirit   .     (no cloak)
rCorr  .         Warding  .     u - +1 pair of gloves
rMut   .         Stasis   .     (boots unavailable)
MR     +....                    (no amulet)
Stlth  +++.......               (no ring)
                                (no ring)

@: very slightly contaminated, somewhat resistant to hostile enchantments,
fairly stealthy
A: beak, horns 1, talons 3, low mp 1, magic resistance 1, wild magic 1, able to
fly 1
a: Fly, Channel Energy, Forget Spell, Renounce Religion


You were on level 10 of the Dungeon.
You worshipped Sif Muna.
Sif Muna was greatly pleased with you.
You were near starving.

You visited 2 branches of the dungeon, and saw 12 of its levels.

You collected 514 gold pieces.

Inventory:

Hand weapons
 d - a +0 club
 g - a +0 long sword
 h - a +0 whip
 t - a +1 short sword of draining
 G - a +2 dagger of draining (weapon)
Armour
 a - a +0 robe
 i - the +1 ring mail of the Loofah {SInv Stlth+, unknown}
   (You found it on level 9 of the Dungeon)

   It lets you see invisible.
   It makes you more stealthy.
 u - a +1 pair of gloves (worn)
 A - a +1 robe (worn)
 N - a +0 buckler (worn)
Magical devices
 B - a wand of cold (15)
 F - a wand of disintegration (13)
 H - a wand of paralysis (9)
 K - a wand of fire (5)
Scrolls
 j - a scroll of teleportation
 m - a scroll of enchant armour
 n - 3 scrolls of recharging
 o - 6 scrolls of remove curse
 q - a scroll of random uselessness {unknown}
 v - 2 scrolls of fog
 x - a scroll of magic mapping {unknown}
 y - a scroll of amnesia
 E - a scroll of noise {unknown}
 I - a scroll of fear
 J - a scroll of acquirement {unknown}
 L - a scroll of enchant weapon {unknown}
Potions
 e - a potion of curing
 f - a potion of agility
 l - a potion of flight
 p - 2 potions of invisibility
 s - a potion of might
 w - 3 potions of heal wounds
 C - 3 potions of haste
 D - a potion of brilliance
 O - a potion of cure mutation
Books
 b - a book of Flames

   Spells                             Type                      Level
   a - Flame Tongue                   Conjuration/Fire             1
   b - Throw Flame                    Conjuration/Fire             2
   c - Conjure Flame                  Conjuration/Fire             3
   d - Inner Flame                    Hexes/Fire                   3
   e - Sticky Flame                   Conjuration/Fire             4
   f - Fireball                       Conjuration/Fire             5
 z - a book of Unlife

   Spells                             Type                      Level
   a - Recall                         Summoning/Translocation      3
   b - Animate Dead                   Necromancy                   4
   c - Control Undead                 Necromancy                   4
   d - Cigotuvi's Embrace             Necromancy                   5
   e - Death Channel                  Necromancy                   6
   f - Simulacrum                     Ice/Necromancy               6
Comestibles
 c - 7 bread rations
 r - 3 meat rations


   Skills:
 + Level 2.4 Fighting
 + Level 1.3 Short Blades
 + Level 0.4 Maces & Flails
 + Level 5.0 Dodging
 + Level 5.0 Stealth
 + Level 0.4 Shields
 * Level 7.7 Spellcasting
 * Level 10.1 Conjurations
 * Level 8.5 Fire Magic
 + Level 1.6 Invocations


You had 9 spell levels left.
You knew the following spells:

 Your Spells              Type           Power        Failure   Level  Hunger
a - Flame Tongue          Conj/Fire      #####        2%          1    None
b - Throw Flame           Conj/Fire      ######       2%          2    None
c - Conjure Flame         Conj/Fire      ######..     3%          3    None
d - Sticky Flame          Conj/Fire      ######..     9%          4    ###....
e - Fireball              Conj/Fire      ######....   19%         5    #####..


Dungeon Overview and Level Annotations

Branches:
Dungeon (11/15)            Temple (1/1) D:5            Lair (0/8) D:10
    Orc: D:9-12

Altars:
Ashenzari
Cheibriados
Dithmenos
Elyvilon
Fedhas
Gozag
Kikubaaqudgha
Makhleb
Nemelex Xobeh
Okawaru
Qazlal
Ru
Sif Muna
Trog
Xom
Yredelemnul
Zin
The Shining One

Portals:
Trove: D:10 (give 14 scrolls of teleportation)

Annotations:
D:5 exclusion: 2 player ghosts, Ajdolov's ghost, experienced NaWz
D:9 Erolcha; urechis's ghost, experienced DECj
D:10 exclusions: guardian mummy, hill giant and killer bee


Innate Abilities, Weirdness & Mutations

You have a beak for a mouth.
You have claws for feet.
You can fly.
You have a pair of small horns on your head.
Your magical capacity is low (-10% MP).
You are resistant to hostile enchantments.
Your spells are a little harder to cast, but a little more powerful.


Message History

You block the harpy's attack. The harpy claws you!
You climb upwards.
Level annotation: exclusions: guardian mummy, hill giant and killer bee The harpy screeches!
There is a stone staircase leading down here.
Read which item? (? for menu, Esc to quit)
Blink to where?
Press: ? - help, Dir - move target cursor You are very lightly contaminated with residual magic.
As you read the scroll of blinking, it crumbles to dust.
g - a long sword The harpy barely misses you.
The harpy claws you!
* * * LOW HITPOINT WARNING * * *
You block the harpy's attack. The harpy barely misses you. The harpy claws you.
* * * LOW HITPOINT WARNING * * *
The harpy barely misses you. As you open the door, it creaks loudly!
The harpy claws you!
You die...

.....#........+..<......# ......
.....'........#.........# .....
.....#........#.....(...# ..y.
.....#........#.........+ ...
.....#........#.........# ..
.....#........#.........# .
.....###'##...#.........#+#######
.......#.##...###+###............
.......#.......#@H..'............
.......#.......'....#............
.......'.......#....#............
.......#..##..###'###............
......##..##+###.......#'#####...
......'........'.......#..o..#...
......#........#.......+..>..#...
......#........#.......#.....#...
.(....#........#.......#.....'o..


You could see a harpy shaped shifter.

Vanquished Creatures
  A guardian mummy (D:10)
  A queen bee (D:9)
  A trapdoor spider (D:10)
  A deep elf mage (D:10)
  2 hungry ghosts
  2 orc warriors
  A black bear (D:10)
  6 phantoms
  4 ogres
  3 centaurs
  4 giant frogs
  A big kobold (D:8)
  3 scorpions
  7 wights
  13 killer bees
  A centaur zombie (D:4)
  5 hounds
  2 jellies
  Ijyb (D:2)
  5 orc wizards
  6 orc priests
  A giant frog skeleton (D:5)
  2 iguanas (D:7)
  3 worker ants
  A hound zombie (D:10)
  2 worker ant zombies
  6 adders
  4 gnolls (D:5)
  2 shadow imps
  2 adder zombies (D:4)
  2 worms
  10 giant geckos
  41 orcs
  7 giant cockroaches
  12 goblins
  8 hobgoblins
  23 jackals
  12 kobolds
  2 quokkas
  2 ball pythons
  5 bats
  A giant gecko skeleton (D:5)
  A giant gecko zombie (D:4)
  7 giant newts
  12 rats
  2 butterflies
240 creatures vanquished.

Vanquished Creatures (others)
  A plant (D:4)
1 creature vanquished.

Grand Total: 241 creatures vanquished

Notes
Turn   | Place    | Note
--------------------------------------------------------------
     0 | D:1      | nubinia the Tengu Fire Elementalist began the quest for the Orb.
     0 | D:1      | Reached XP level 1. HP: 10/10 MP: 4/4
   235 | D:1      | Reached XP level 2. HP: 15/15 MP: 3/6
   277 | D:1      | Learned a level 2 spell: Throw Flame
   650 | D:1      | Reached skill level 4 in Fire Magic
   677 | D:1      | Reached XP level 3. HP: 19/19 MP: 5/7
   682 | D:1      | Learned a level 3 spell: Conjure Flame
  1415 | D:1      | Reached XP level 4. HP: 21/24 MP: 6/8
  2097 | D:2      | Noticed Ijyb
  2405 | D:2      | Killed Ijyb
  2405 | D:2      | Gained mutation: You can fly. [Tengu growth]
  2405 | D:2      | Reached XP level 5. HP: 23/28 MP: 0/10
  2739 | D:3      | Found a glowing golden altar of the Shining One.
  2739 | D:3      | Found a burning altar of Makhleb.
  3067 | D:3      | Found an iron altar of Okawaru.
  4040 | D:4      | Reached XP level 6. HP: 33/33 MP: 7/11
  4422 | D:4      | Noticed an ogre
  4478 | D:4      | Learned a level 4 spell: Sticky Flame
  4522 | D:4      | Killed an ogre
  4522 | D:4      | Reached skill level 1 in Fighting
  4793 | D:5      | Entered Level 5 of the Dungeon
  4808 | D:5      | Reached skill level 5 in Fire Magic
  4808 | D:5      | Reached XP level 7. HP: 33/38 MP: 9/13
  4909 | D:5      | Found a staircase to the Ecumenical Temple.
  4974 | D:5      | Noticed Ajdolov's ghost (experienced NaWz)
  5377 | Temple   | Entered the Ecumenical Temple
  5445 | Temple   | Became a worshipper of Sif Muna the Loreminder
  5882 | D:5      | Reached skill level 5 in Conjurations
  6357 | D:6      | Found a shadowy altar of Dithmenos.
  6687 | D:6      | Reached XP level 8. HP: 43/43 MP: 8/15
  6779 | D:6      | Reached skill level 6 in Conjurations
  7026 | D:6      | Acquired Sif Muna's first power
  7820 | D:7      | Reached skill level 5 in Spellcasting
  8089 | D:7      | Reached skill level 7 in Conjurations
  8234 | D:7      | Reached skill level 1 in Short Blades
  8403 | D:7      | Reached XP level 9. HP: 47/47 MP: 4/18
  8726 | D:6      | Acquired Sif Muna's second power
  9037 | D:7      | Found a glowing silver altar of Zin.
  9336 | D:8      | Found an ancient bone altar of Kikubaaqudgha.
  9342 | D:8      | Found a sacrificial altar of Ru.
  9485 | D:8      | Reached skill level 1 in Invocations
  9661 | D:8      | Reached skill level 8 in Conjurations
  9723 | D:8      | Learned a level 5 spell: Fireball
 10099 | D:8      | Gained mutation: You have a pair of small horns on your head. [potion of mutation]
 10099 | D:8      | Gained mutation: You are resistant to hostile enchantments. [potion of mutation]
 10099 | D:8      | Gained mutation: Your magical capacity is low (-10% MP). [potion of mutation]
 10100 | D:8      | Gained mutation: Your spells are a little harder to cast, but a little more powerful. [potion of beneficial mutation]
 10981 | D:9      | Reached skill level 9 in Conjurations
 11155 | D:9      | Reached XP level 10. HP: 22/53 MP: 6/19
 11276 | D:9      | Noticed Erolcha
 11731 | D:8      | HP: 2/53 [poisoned by a killer bee]
 12057 | D:9      | Noticed urechis's ghost (experienced DECj)
 12121 | D:9      | Reached skill level 5 in Stealth
 12134 | D:10     | Entered Level 10 of the Dungeon
 12134 | D:10     | Found a staircase to the Lair.
 12478 | D:10     | Noticed a hill giant
 12519 | D:9      | Got an ancient ring mail
 12680 | D:10     | Acquired Sif Muna's third power
 13302 | D:10     | Found a portal to a secret trove of treasure.
 13401 | D:10     | Reached skill level 10 in Conjurations
 13460 | D:11     | Reached skill level 5 in Dodging
 13468 | D:11     | Noticed a harpy
 13468 | D:11     | a human changed into a harpy
 13478 | D:10     | Mangled by a harpy (shapeshifter)

Vault maps used:
D:1:      dpeg_arrival_castle, grunt_decor_resistance, minmay_misc_feat_alley,
          grunt_decor_mini_mirrors
D:2:      nrook_loot_triangle, minmay_goblin_outpost, uniq_iyjb
D:3:      lemuel_round_altar, nicolae_overflow_hidden_temple,
          grunt_ministairs_12, corexii_leaking_fountain, minmay_statues_item,
          kennysheep_cluttered_room, minmay_liquid_box
D:4:      first_bread, serial_undead, serial_undead_e, serial_undead_a,
          serial_undead_f, serial_undead_a, grunt_ministairs_7
D:5:      minmay_temple_entry_butterflies
D:6:      kennysheep_little_box
D:7:      lemuel_round_altar
D:8:      grunt_temple_overflow_open
D:9:      david_nohive_1, minmay_brainsmasher, uniq_erolcha, uniq_prince_ribbit1
D:10:     lair_0_dummy, nicolae_trove_entry_path_of_doom
D:11:     kennysheep_kobold_lugonu_temple, enter_bailey_2,
          lemuel_mausoleum_altar_kikubaaqudgha, uniq_snorg, uniq_sonja
Temple:   triangle_lava_temple_11

Action                   |  1- 3 |  4- 6 |  7- 9 | 10-12 || total
-------------------------+-------+-------+-------+-------++-------
Melee: Club              |    23 |       |       |       ||    23
       Unarmed           |     2 |       |       |       ||     2
       Whip              |     7 |    46 |       |       ||    53
       Short sword       |       |    39 |    17 |       ||    56
       Dagger            |       |       |    85 |    23 ||   108
 Cast: Flame Tongue      |    65 |    75 |   212 |    55 ||   407
       Throw Flame       |       |    10 |    52 |    12 ||    74
       Conjure Flame     |       |     1 |     9 |     1 ||    11
       Sticky Flame      |       |     1 |     4 |    18 ||    23
       Fireball          |       |       |     1 |     1 ||     2
Invok: Channel Energy    |       |       |    13 |    10 ||    23
 Abil: Fly               |       |     7 |     6 |       ||    13
  Use: Scroll            |       |     4 |     8 |     2 ||    14
       Potion            |       |     2 |    12 |       ||    14
 Stab: Sleeping          |     3 |    14 |    10 |     1 ||    28
       Distracted        |       |       |     1 |       ||     1
  Eat: Chunk             |     3 |    12 |    23 |     5 ||    43
       Pizza             |       |       |     1 |       ||     1
       Beef jerky        |       |       |       |     3 ||     3
